[Event "ICC tourney 2714 (40 10)"]
[Site "Internet Chess Club"]
[Date "2021.10.23"]
[Round "5"]
[White "MCAVOY, JESSE COLE:BlueDuck"]
[Black "WALLACE, KEVIN BRUCE:KingWallace"]
[Result "0-1"]
[ICCResult "White resigns"]
[WhiteElo "899"]
[BlackElo "1287"]
[Opening "Scandinavian (center counter) defense"]
[ECO "B01"]
[NIC "SD.02"]
[Time "20:00:21"]
[PlyCount "76"]
[TimeControl "2400+10"]

1. e4 d5 2. exd5 Qxd5 3. Nc3 Qd8 4. Be2 Nf6 5. Nf3 Bg4 6. h3 Bh5 7. g4 Bg6
8. Ne5 Nbd7 9. Nxg6 hxg6 10. Bf3 c6 11. b3 e6 12. Bb2 Qc7 13. Qe2 O-O-O 14.
O-O-O Kb8 15. g5 Nd5 16. Qc4 Ne5 17. Qe4 Bd6 18. Nxd5 cxd5 19. Qe2 Rc8 20.
c3 Qe7 21. Bg2 Qxg5 22. Rdg1 Qf5 23. Kd1 Qb1+ 24. Bc1 Nd3 25. Qxd3 Qxd3 26.
Re1 Rxc3 27. Re3 Qc2+ 28. Ke2 Rxe3+ 29. fxe3 Qxa2 30. Rf1 f5 31. Kf2 Qxb3
32. d4 Rc8 33. Bd2 Rc2 34. Ke2 Bb4 35. Rd1 Qb2 36. Ke1 Rxd2 37. Rxd2 Qxd2+
38. Kf1 Qxe3 {White resigns} 0-1

[Event "ICC tourney 2714 (40 10)"]
[Site "Internet Chess Club"]
[Date "2021.10.23"]
[Round "5"]
[White "MILLER, JOHN:jorymil"]
[Black "Lee, Eli:elilee"]
[Result "0-1"]
[ICCResult "White resigns"]
[WhiteElo "1262"]
[BlackElo "694"]
[Opening "Dutch: Staunton gambit"]
[ECO "A82"]
[NIC "HD.11"]
[Time "20:00:20"]
[PlyCount "58"]
[TimeControl "2400+10"]

1. d4 f5 2. e4 fxe4 3. Nc3 Nf6 4. f3 d5 5. fxe4 dxe4 6. Bc4 Nc6 7. Nge2 g6
8. O-O Qd6 9. Bg5 Ng4 10. Ng3 e3 11. Bf7+ Kd8 12. Nd5 h5 13. h4 Qxg3 14. Bf4
Qxh4 15. Bxc7+ Kd7 16. Be6+ Kxe6 17. Nf4+ Kf7 18. Nxg6+ Kxg6 19. Qd3+ Kg7
20. Qc4 Nf2 21. Bh2 Bh3 22. Qd5 Rd8 23. Be5+ Kh6 24. Qf3 Nxe5 25. Qxe3+ Qg5
26. Qxf2 Rg8 27. Kh2 Bxg2 28. Rg1 Nf3+ 29. Qxf3 Qh4+ {White resigns} 0-1

[Event "ICC tourney 2714 (40 10)"]
[Site "Internet Chess Club"]
[Date "2021.10.23"]
[Round "5"]
[White "PAN, CHRIS:Chris0708"]
[Black "MADSEN, STUART:gmstuartscott"]
[Result "1-0"]
[ICCResult "Black resigns"]
[WhiteElo "1300"]
[BlackElo "674"]
[Opening "Three knights game"]
[ECO "C46"]
[NIC "KP.06"]
[Time "20:03:15"]
[PlyCount "93"]
[TimeControl "2400+10"]

1. e4 e5 2. Nf3 Nc6 3. Nc3 h6 4. Bc4 Bc5 5. d3 Nf6 6. h3 d6 7. Be3 Bb6 8.
O-O O-O 9. Qd2 Bxe3 10. fxe3 a6 11. d4 b5 12. Bd5 b4 13. Bxc6 Rb8 14. Ne2
Bd7 15. Bxd7 Qxd7 16. dxe5 Nxe4 17. Qd4 Nc5 18. Rad1 Ne6 19. Qd5 Qe7 20.
exd6 cxd6 21. Qxd6 Qa7 22. Nfd4 Qb7 23. Nxe6 Qe4 24. Rd3 a5 25. Nxf8 Rxf8
26. Qd5 Qg6 27. Qxa5 b3 28. axb3 Qe6 29. Qd5 Qc8 30. Qc4 Qb7 31. b4 Qb6 32.
b3 Qg6 33. Rd7 Qh5 34. Rdxf7 Rxf7 35. Qxf7+ Qxf7 36. Rxf7 Kxf7 37. Kf2 Ke7
38. Kf3 Kd6 39. Ke4 Kc6 40. Kd4 Kb5 41. c3 Kb6 42. e4 g6 43. e5 Kc6 44. b5+
Kxb5 45. Kd5 Kb6 46. Kd6 g5 47. e6 {Black resigns} 1-0

[Event "ICC tourney 2714 (40 10)"]
[Site "Internet Chess Club"]
[Date "2021.10.23"]
[Round "5"]
[White "SHAKIROV, DIYOR:Diyor"]
[Black "GANDHI, ISHAN D:awesomeshawn"]
[Result "0-1"]
[ICCResult "White checkmated"]
[WhiteElo "1172"]
[BlackElo "970"]
[Opening "Sicilian"]
[ECO "B50"]
[NIC "SI.01"]
[Time "20:00:19"]
[PlyCount "100"]
[TimeControl "2400+10"]

1. e4 c5 2. Nf3 d6 3. c3 b6 4. d4 Nf6 5. Bd3 g6 6. O-O Bg7 7. Bf4 Bb7 8. Re1
O-O 9. Qd2 Nbd7 10. Bh6 Re8 11. Bxg7 Kxg7 12. Qf4 e5 13. dxe5 Nxe5 14. Nxe5
dxe5 15. Qg3 Nh5 16. Qe3 Nf4 17. Bc2 Qc7 18. Nd2 Rad8 19. Nf3 Re7 20. Ba4 c4
21. Rad1 Nd3 22. Re2 Nc5 23. Rxd8 Qxd8 24. Bc2 Nd3 25. Bxd3 Qxd3 26. Qxd3
cxd3 27. Re3 Kf6 28. Nd2 Rd7 29. Kf1 Ba6 30. Ke1 Ke6 31. Nf3 h6 32. Kd2 g5
33. Ne1 f5 34. exf5+ Kxf5 35. f3 h5 36. Nxd3 Rxd3+ 37. Rxd3 Bxd3 38. Kxd3
Kf4 39. Ke2 h4 40. b4 b5 41. Kd3 h3 42. Ke2 hxg2 43. Kf2 g1=Q+ 44. Kxg1 Kxf3
45. a4 bxa4 46. c4 a3 47. c5 a2 48. h3 a1=Q+ 49. Kh2 Qf1 50. c6 Qg2#
{White checkmated}
0-1

[Event "ICC tourney 2714 (40 10)"]
[Site "Internet Chess Club"]
[Date "2021.10.23"]
[Round "5"]
[White "QI, JENNY:eevee11"]
[Black "GANAPATHY, AISHWARYA LAKSHMI:alg142"]
[Result "1-0"]
[ICCResult "Black checkmated"]
[WhiteElo "1394"]
[BlackElo "1135"]
[Opening "Sicilian: Hungarian variation"]
[ECO "B34"]
[NIC "SI.43"]
[Time "20:00:34"]
[PlyCount "139"]
[TimeControl "2400+10"]

1. e4 c5 2. Nf3 g6 3. d4 cxd4 4. Nxd4 Bg7 5. Be3 Nc6 6. Nc3 e6 7. Ndb5 Nge7
8. Nd6+ Kf8 9. Qd2 f5 10. Bh6 Ne5 11. Bxg7+ Kxg7 12. f4 N5c6 13. Ncb5 Qa5
14. Qxa5 Nxa5 15. Nc7 Rb8 16. Nce8+ Kf8 17. O-O-O fxe4 18. Nf6 Nf5 19. Ndxe4
Ke7 20. g4 Ne3 21. Rd6 Nac4 22. Rd4 d5 23. Bxc4 Nxc4 24. g5 b5 25. Nd2 Ne3
26. Rd3 Nf5 27. Nf3 Nd6 28. Ne5 Bb7 29. Ned7 Rbd8 30. Nc5 Ba8 31. Re1 Ne4
32. Nfxe4 dxe4 33. Rxd8 Rxd8 34. Nxe4 Rd4 35. Nc3 Rxf4 36. Nxb5 a6 37. Nc7
Bb7 38. Nxe6 Re4 39. Rxe4 Bxe4 40. Nc5 Bc6 41. Nxa6 Ke6 42. Nb4 Be4 43. Nd3
Kf5 44. b4 Kxg5 45. b5 Kf6 46. b6 Ke7 47. Nc5 Bd5 48. b7 Bxb7 49. Nxb7 h5
50. Kd2 Kf6 51. Ke3 Kf5 52. Kf3 g5 53. h3 h4 54. a4 Ke6 55. Kg4 Kd7 56. Kxg5
Kc6 57. Kxh4 Kxb7 58. Kg5 Kb6 59. h4 Ka5 60. h5 Kxa4 61. h6 Kb4 62. h7 Kc3
63. h8=Q+ Kxc2 64. Qh3 Kd2 65. Kf4 Kc1 66. Qg2 Kb1 67. Ke3 Ka1 68. Kd3 Kb1
69. Kc3 Ka1 70. Qb2# {Black checkmated} 1-0

[Event "ICC tourney 2714 (40 10)"]
[Site "Internet Chess Club"]
[Date "2021.10.23"]
[Round "5"]
[White "YAMASAKI, DAWSON YOSHIO:Darston"]
[Black "Wu, Zhuoyuan:Jake000"]
[Result "1/2-1/2"]
[ICCResult "Game drawn by mutual agreement"]
[WhiteElo "1198"]
[BlackElo "1002"]
[Opening "Sicilian"]
[ECO "B50"]
[NIC "SI.01"]
[Time "20:00:23"]
[PlyCount "122"]
[TimeControl "2400+10"]

1. e4 c5 2. Nf3 d6 3. c3 Nf6 4. Be2 Nc6 5. d4 cxd4 6. cxd4 Nxe4 7. d5 Qa5+
8. Kf1 Ne5 9. Nxe5 dxe5 10. Qb3 Nf6 11. Nc3 a6 12. Be3 b5 13. Rd1 Qc7 14. f3
g6 15. Ne4 Nxe4 16. fxe4 Bd7 17. Rc1 Qd6 18. Bc5 Qf6+ 19. Qf3 Qxf3+ 20. gxf3
Bh6 21. Rd1 O-O 22. b4 Rac8 23. Bxe7 Rfe8 24. Bc5 a5 25. a3 axb4 26. axb4
Ra8 27. Kf2 Ra2 28. Ra1 Rea8 29. Rxa2 Rxa2 30. Rd1 Bf8 31. Ke3 Bh6+ 32. Kf2
Bf8 33. Rb1 Rc2 34. d6 Rd2 35. Rd1 Rxd1 36. Bxd1 Kg7 37. Ke3 Kf6 38. Bb3 Be6
39. Bd5 Bd7 40. Kf2 Kg7 41. Kg3 f5 42. exf5 gxf5 43. Kh4 f4 44. Kh5 Be8+ 45.
Kg5 Bd7 46. Be4 h6+ 47. Kh5 Kf6 48. h4 Be8+ 49. Kg4 h5+ 50. Kh3 Bd7+ 51. Kg2
Ke6 52. Bg6 Bxd6 53. Bxh5 Bxc5 54. Bg4+ Kf6 55. Bxd7 Bxb4 56. Bxb5 Kg6 57.
Kh3 Kh5 58. Be8+ Kh6 59. Kg4 Be1 60. Bc6 Bc3 61. Be4 Bd4
{Game drawn by mutual agreement}
1/2-1/2

[Event "ICC tourney 2714 (40 10)"]
[Site "Internet Chess Club"]
[Date "2021.10.23"]
[Round "5"]
[White "DIXIT, RAAJAS KUNAL:raadix028"]
[Black "FILOSOFOV, VASILII:Filosofov"]
[Result "0-1"]
[ICCResult "White checkmated"]
[WhiteElo "1175"]
[BlackElo "1308"]
[Opening "French: advance variation"]
[ECO "C02"]
[NIC "FR.03"]
[Time "20:00:20"]
[PlyCount "152"]
[TimeControl "2400+10"]

1. e4 e6 2. d4 d5 3. e5 c5 4. c3 Qb6 5. Nf3 Nc6 6. Be2 cxd4 7. cxd4 Nh6 8.
Bd3 Bd7 9. Bc2 Nf5 10. Bxf5 exf5 11. O-O Be7 12. Nc3 Be6 13. a3 a5 14. Ne2
O-O 15. Qc2 Rfc8 16. Qd3 a4 17. Rb1 Na5 18. Ng3 Nb3 19. Be3 g6 20. Rfd1 Bd7
21. Bg5 Bxg5 22. Nxg5 Bb5 23. Qe3 Rc2 24. e6 fxe6 25. Nxe6 Re8 26. Qe5 Qxe6
27. Qf4 Rc4 28. Nf1 Qe4 29. Qxe4 Rxe4 30. Ne3 Rcxd4 31. Nc2 Rxd1+ 32. Rxd1
Re2 33. Nb4 d4 34. g3 Rxb2 35. Nd3 Bxd3 36. Rxd3 Rd2 37. Rf3 Rd1+ 38. Kg2 d3
39. Rf4 d2 40. Rxa4 Rg1+ 41. Kxg1 d1=Q+ 42. Kg2 Nd4 43. Ra8+ Kg7 44. Re8
Qf3+ 45. Kg1 Qxa3 46. Re3 Qxe3 47. fxe3 Nc2 48. Kf2 b5 49. Ke2 b4 50. Kd2
Nxe3 51. Kxe3 Kh6 52. h3 Kg5 53. Kd3 f4 54. g4 Kh4 55. Ke4 Kxh3 56. g5 f3
57. Kxf3 b3 58. Ke4 b2 59. Kd3 b1=Q+ 60. Kd4 Qc2 61. Kd5 Qc3 62. Kd6 Qc4 63.
Kd7 Qc5 64. Kd8 Qe5 65. Kd7 Kg4 66. Kd8 Qe6 67. Kc7 Qd5 68. Kc8 Qd6 69. Kb7
Qc5 70. Kb8 Qc6 71. Ka7 Qb5 72. Ka8 Kf5 73. Ka7 Ke6 74. Ka8 Kd7 75. Ka7 Kc7
76. Ka8 Qb8# {White checkmated} 0-1

[Event "ICC tourney 2714 (40 10)"]
[Site "Internet Chess Club"]
[Date "2021.10.23"]
[Round "5"]
[White "COHEN-RIDER, TRISTAN:TristanCR"]
[Black "Kale, Shubham:shubham07"]
[Result "1-0"]
[ICCResult "Black resigns"]
[WhiteElo "1171"]
[BlackElo "1353"]
[Opening "Modern defense"]
[ECO "A40"]
[NIC "QO.17"]
[Time "20:00:28"]
[PlyCount "109"]
[TimeControl "2400+10"]

1. d4 g6 2. c4 Bg7 3. Nc3 d6 4. Nf3 a6 5. e3 Nd7 6. Bd3 c5 7. O-O cxd4 8.
exd4 Ngf6 9. Re1 O-O 10. Bg5 Re8 11. Qd2 Rb8 12. Rac1 e5 13. Nd5 h6 14. Bxf6
Nxf6 15. Nxf6+ Qxf6 16. dxe5 dxe5 17. Be4 Bf5 18. Qd5 Red8 19. Qxe5 Qxe5 20.
Nxe5 Bxe5 21. Bxf5 Bxb2 22. Rb1 Bc3 23. Re3 Bd4 24. Rg3 Be5 25. Re3 Bxh2+
26. Kxh2 gxf5 27. Re5 Rd2 28. Rxf5 Rxa2 29. c5 Rc2 30. Kh3 Kg7 31. Kg4 Rc4+
32. Kh5 Re4 33. Rb6 Re6 34. Rxe6 fxe6 35. Re5 Rc8 36. Kg4 Kf6 37. f4 Rg8+
38. Kf3 Rd8 39. Ke4 Rd2 40. Rh5 Rxg2 41. Rxh6+ Rg6 42. Rh7 Rg7 43. Rh6+ Kf7
44. Ke5 a5 45. Rxe6 Rg6 46. Rxg6 Kxg6 47. Ke6 a4 48. f5+ Kg7 49. Ke7 a3 50.
f6+ Kh7 51. f7 a2 52. f8=Q a1=Q 53. Qf5+ Kg7 54. Qf7+ Kh6 55. Qf6+
{Black resigns}
1-0

[Event "ICC tourney 2714 (40 10)"]
[Site "Internet Chess Club"]
[Date "2021.10.23"]
[Round "5"]
[White "ANGEL, BORYS:BArkadia"]
[Black "Batra, Ansh:K09-16342642"]
[Result "0-1"]
[ICCResult "White resigns"]
[WhiteElo "1380"]
[BlackElo "947"]
[Opening "Sicilian: dragon, Levenfish variation"]
[ECO "B71"]
[NIC "SI.15"]
[Time "20:00:25"]
[PlyCount "88"]
[TimeControl "2400+10"]

1. e4 c5 2. Nf3 d6 3. d4 cxd4 4. Nxd4 Nf6 5. Nc3 g6 6. f4 Nc6 7. Be2 Qb6 8.
Be3 Qxb2 9. Ncb5 Nxe4 10. O-O Nc3 11. Qd3 Nxe2+ 12. Qxe2 Bg7 13. Nxc6 bxc6
14. Nc7+ Kd7 15. Nxa8 Qa3 16. Rab1 Ba6 17. c4 Rxa8 18. Rfe1 d5 19. Rbd1 Bc3
20. Rf1 Ke8 21. Qg4 Bxc4 22. Rf2 Bf6 23. Bc1 Qc5 24. f5 h5 25. Qf4 g5 26.
Qd2 d4 27. h3 d3 28. Bb2 Bxb2 29. Qxb2 f6 30. Kh2 Qe5+ 31. Qxe5 fxe5 32. f6
e4 33. fxe7 Kxe7 34. Rf5 Ke6 35. Rff1 e3 36. Kg3 Kd5 37. Rf5+ Ke4 38. Rff1
d2 39. Rc1 Bxf1 40. Rxf1 e2 41. Rf7 e1=Q+ 42. Kh2 d1=Q 43. Re7+ Kd4 44. Rxe1
Qxe1 {White resigns} 0-1